 Dungeon Crawl Stone Soup version 0.31-a0-202-g547052bce9 (webtiles) character file.

Game seed: 12341099901241651634

54 qw the Shooter (level 3, 0/20 HPs)
             Began as a Deep Elf Hunter on June 26, 2023.
             Slain by Ijyb
             ... wielding a +0 club
              (4 damage)
             ... on level 3 of the Dungeon.
             The game lasted 00:00:33 (1201 turns).

qw the Shooter (Deep Elf Hunter)                    Turns: 1201, Time: 00:00:33

Health: 0/20       AC:  5    Str: 10    XL:     3   Next: 66%
Magic:  5/5        EV: 12    Int: 13    God:
Gold:   96         SH:  0    Dex: 18    Spells: 2/2 levels left

rFire   . . .        Y - +1 shortbow
rCold   . . .        (shield currently unavailable)
rNeg    . . .        c - +0 leather armour
rPois   .            l - +0 helmet
rElec   .            (no cloak)
rCorr   .            (no gloves)
SInv    .            h - +0 pair of boots
Will    .....        d - amulet of faith
Stlth   ++           (no ring)
HPRegen 0.23/turn    (no ring)
MPRegen 0.09/turn

%: faith
@: about to teleport
A: no striking features
a: no special abilities


You were on level 3 of the Dungeon.
You visited 1 branch of the dungeon, and saw 3 of its levels.

You collected 96 gold pieces.


   Skills:
 - Level 1.5 Fighting
 + Level 7.2 Ranged Weapons
 - Level 2.4 Dodging
 - Level 1.2 Stealth


You had 2 spell levels left.
You didn't know any spells.
Your spell library was empty.

Inventory:

Hand Weapons
 Y - a +1 shortbow (weapon)
Armour
 c - a +0 leather armour (worn)
 e - a +0 ring mail
 h - a +0 pair of boots (worn)
 l - a +0 helmet (worn)
Jewellery
 d - an amulet of faith (around neck)
Scrolls
 a - 3 scrolls of teleportation
Potions
 b - a potion of berserk rage {unknown}
 g - a potion of curing
 i - a potion of might {unknown}
 j - a potion of brilliance {unknown}
 k - a potion of enlightenment {unknown}
 m - a potion of haste {unknown}

Dungeon Overview and Level Annotations

Branches:
Dungeon (3/15)

Altars:

Annotations:
D:3 Ijyb


Message History

The grasping roots grab you!
Ijyb is unaffected.
The grasping roots constrict you.
You hear a shout!
You shoot an arrow. The arrow hits Ijyb.
Ijyb is severely wounded.
Ijyb hits you with a +0 club. The grasping roots constrict you.
You shoot an arrow. The arrow hits Ijyb but does no damage.
Ijyb is severely wounded.
Ijyb hits you but does no damage. The grasping roots constrict you.
The grasping roots release their grip on you.
You shoot an arrow. The arrow hits Ijyb.
Ijyb is almost dead.
Ijyb screams, "You nasty!
Big nasty!"
Ijyb hits you but does no damage.
You shoot an arrow. The arrow barely misses Ijyb.
Ijyb screams, "Get away!"
Ijyb closely misses you.
A kobold comes into view. It is wielding a +0 whip.
You shoot an arrow. The arrow closely misses Ijyb.
A giant cockroach comes into view.
Ijyb hits you with a +0 club.
You shoot an arrow. The arrow closely misses Ijyb.
The kobold throws a stone.
The stone closely misses you. Ijyb closely misses you.
You shoot an arrow. The arrow barely misses Ijyb.
The kobold throws a stone.
The stone closely misses you. Ijyb barely misses you.
A quokka comes into view.
You shoot an arrow. The arrow closely misses Ijyb.
Ijyb hits you with a +0 club.
1199 ||| READING 4 scrolls of teleportation.
As you read the scroll of teleportation, it crumbles to dust.
You feel strangely unstable. Ijyb hits you with a +0 club.
You shoot an arrow. The arrow closely misses Ijyb.
The arrow hits the quokka.
The quokka is severely wounded.
Ijyb hits you but does no damage.
You shoot an arrow. The arrow closely misses Ijyb.
The arrow closely misses the quokka.
The giant cockroach closely misses you. Ijyb hits you with a +0 club.
You die...

#.....# ..
##.....#
_.<#....<.#
#.#.#....#
#........#
#.......#
...K....#######
#[B..##....#
#.@........#
#....g#####....#
##.... ####.#
....r## #.#
#.#.. #.# ....
#.# ... #.# ...
#.# #.#


You could see Ijyb, a quokka, a giant cockroach and a kobold.

Vanquished Creatures
  2 adders (D:2)
  5 endoplasms
  3 giant cockroaches
  4 goblins
  2 hobgoblins
  2 kobolds (D:1)
  2 quokkas (D:1)
  3 ball pythons
  4 bats
  3 frilled lizards (D:2)
  4 rats
34 creatures vanquished.

Notes
Turn   | Place    | Note
-------+----------+-------------------------------------------
     0 | D:1      | qw the Deep Elf Hunter began the quest for the Orb.
     0 | D:1      | Reached XP level 1. HP: 12/12 MP: 3/3
     0 | D:1      | 0 ||| qw: Version: 0.3-a-22-g0ed2b0b
     0 | D:1      | 0 ||| qw: Game counter: 5877
     0 | D:1      | 0 ||| qw: Melee chars always use a shield: true
     0 | D:1      | 0 ||| qw: God list: Okawaru
     0 | D:1      | 0 ||| qw: Allow faded altars: false
     0 | D:1      | 0 ||| qw: Do Orc after clearing Dungeon:15 true
     0 | D:1      | 0 ||| qw: Do second Lair branch before Depths: true
     0 | D:1      | 0 ||| qw: Lair rune preference: random
     0 | D:1      | 0 ||| qw: Goals: Normal
     0 | D:1      | 0 ||| PLANNING D:1-11
   126 | D:1      | Reached XP level 2. HP: 16/16 MP: 4/4
   148 | D:1      | Reached skill level 6 in Ranged Weapons
   412 | D:1      | 412 ||| UPGRADING to amulet of faith.
   417 | D:1      | 417 ||| DROPPING ring of magical power.
   418 | D:1      | 418 ||| READING scroll labelled HICKES OQIH.
   419 | D:1      | 419 ||| READING scroll labelled ITWIOG BATI.
   420 | D:1      | 420 ||| READING 2 scrolls labelled PONEAFF ANERIC.
   421 | D:1      | 421 ||| READING scroll labelled WEOWAI ICOAH.
   422 | D:1      | 422 ||| READING scroll labelled LIVOFA FESI.
   423 | D:1      | 423 ||| DROPPING scroll of butterflies.
   424 | D:1      | 424 ||| DROPPING scroll of amnesia.
   510 | D:2      | Reached XP level 3. HP: 20/20 MP: 5/5
   530 | D:2      | Reached skill level 7 in Ranged Weapons
  1041 | D:2      | 1041 ||| UPGRADING to +0 pair of boots.
  1046 | D:2      | 1046 ||| UPGRADING to +0 helmet.
  1051 | D:2      | 1051 ||| READING 5 scrolls labelled RIDGHA WIPHIMM.
  1055 | D:2      | 1055 ||| READING scroll labelled YXIACE ZOEPIO.
  1056 | D:2      | 1056 ||| READING scroll labelled UXOBECAXTI.
  1057 | D:2      | 1057 ||| DRINKING 2 bubbling puce potions.
  1099 | D:2      | 1099 ||| DRINKING 2 ruby potions.
  1100 | D:2      | 1100 ||| DROPPING potion of lignification.
  1183 | D:3      | Found a faded altar of an unknown god.
  1183 | D:3      | Noticed Ijyb
  1198 | D:3      | HP: 5/20 [Ijyb/+0 club (1)]
  1199 | D:3      | 1199 ||| READING 4 scrolls of teleportation.
  1201 | D:3      | Slain by Ijyb

Levels and vault maps discovered:
D:1:      minmay_arrival_arboretum_small, layout_basic
D:2:      layout_basic, minmay_crystal_room
D:3:      layout_rooms, lemuel_doored_altar, basic_ecumenical_altar, uniq_ijyb

Skill      XL: |  1  2  3 |
---------------+----------+-----
Ranged Weapons | 6 7 |  7.2
Fighting       | |  1.5
Dodging        | |  2.4
Stealth        | |  1.2

Action                     || total
---------------------------++-------
   Fire: Shortbow          ||   105
    Use: Scroll            ||     9
         Potion            ||     2
 Armour: Leather armour    ||     8
  Dodge: Dodged            ||    19

Table legend:
 A = Non-vault XP
 B = Vault XP
 C = Vault XP percentage of total XP
 D = Non-vault monster count
 E = Vault monster count
 F = Vault count percentage of total count
                 A         B        C        D         E       F
            +---------+---------+-------+---------+---------+-------
      Total |      78 |       0 |   0.0 |      34 |       0 |   0.0
            +---------+---------+-------+---------+---------+-------
        D:1 |      25 |       0 |   0.0 |      15 |       0 |   0.0
        D:2 |      53 |       0 |   0.0 |      19 |       0 |   0.0
            +---------+---------+-------+---------+---------+-------
